 Dungeon Crawl Stone Soup version 0.28.0-53-g5a82cb258f (webtiles) character file.

Game seed: 13001684452794863938

168 styxcanada the Covert (level 5, -2/26 HPs)
             Began as a Spriggan Brigand on Aug 11, 2022.
             Slain by an orc
             ... wielding a +0 short sword
              (5 damage)
             ... on level 3 of the Dungeon.
             The game lasted 00:10:37 (3577 turns).

styxcanada the Covert (Spriggan Brigand)            Turns: 3577, Time: 00:10:37

Health: -2/26      AC:  3    Str:  7    XL:     5   Next: 23%
Magic:  8/8        EV: 17    Int: 13    God:
Gold:   127        SH:  0    Dex: 18    Spells: 6/6 levels left

rFire   . . .      SeeInvis +   a - +3 dagger
rCold   . . .      Faith    .   (no shield)
rNeg    . . .      Spirit   .   b - +0 robe
rPois   .          Reflect  .   (helmet restricted)
rElec   .          Harm     .   c - +0 cloak
rCorr   .          Rampage  .   (gloves unavailable)
Will    .....                   (boots unavailable)
Stlth   ++++......              (no amulet)
HPRegen 0.08/turn               (no ring)
MPRegen 0.11/turn               (no ring)

@: very quick
A: very small, no large weapons, unfitting armour, see invisible, speed 3
a: no special abilities


You were on level 3 of the Dungeon.
You visited 1 branch of the dungeon, and saw 3 of its levels.

You collected 127 gold pieces.

Inventory:

Hand Weapons
 a - a +3 dagger (weapon)
 d - a +3 quarterstaff of chaos
Missiles
 e - 2 curare-tipped darts (quivered)
 f - 121 stones
 m - 14 sling bullets
 p - 3 atropa-tipped darts
Armour
 b - a +0 robe (worn)
 c - a +0 cloak (worn)
Potions
 g - a potion of mutation
 i - a potion of haste {unknown}
 j - 3 potions of curing {unknown}
 l - a potion of invisibility {unknown}
 q - a potion of might {unknown}


   Skills:
 * Level 2.1 Fighting
 + Level 2.9 Short Blades
 + Level 2.2 Throwing
 * Level 2.2 Dodging
 * Level 8.4 Stealth
 * Level 1.3 Spellcasting


You had 6 spell levels left.
You didn't know any spells.
Your spell library contained the following spells:

 Spells                   Type           Power      Damage    Failure   Level
 Ignite Poison            Fire/Tmut/Pois 0%         N/A       63%         3
 Mephitic Cloud           Conj/Pois/Air  0%         N/A       63%         3
 Freezing Cloud           Conj/Ice/Air   0%         6-21      100%        5


Dungeon Overview and Level Annotations

Branches:
Dungeon (3/15)

Altars:
Fedhas
Yredelemnul


Innate Abilities, Weirdness & Mutations

You are very small and have problems with some larger weapons.
You are too small for most types of armour.
You have supernaturally acute eyesight. (SInv)
You cover ground extremely quickly. (Speed+++)


Message History

You barely miss the frilled lizard. Your punch misses the frilled lizard.
The orc hits you from afar with a +0 trident.
The frilled lizard barely misses you.
You hit the frilled lizard.
You kill the frilled lizard!
The frilled lizard's corpse dissolves into shadows!
The orc barely misses you.
You feel a bit more experienced.
Throw: 2 darts (poison)
Press: ? - help, Q - select action, (/) - cycle Shift-Dir - straight line, f - orc
Aim: an orc, wielding a +0 dagger and wearing a +0 leather armour (63% to hit)
You throw a poisoned dart. The poisoned dart hits the orc.
The orc is poisoned.
You completely miss the orc.
The orc is heavily wounded.
The orc hits you but does no damage.
You hit the orc.
The orc is almost dead.
The orc hits you from afar with a +0 trident!
* * * LOW HITPOINT WARNING * * *
You kill the orc!
Unknown command.
Unknown command.
Throw: dart (poison)
Press: ? - help, Q - select action, (/) - cycle Shift-Dir - straight line, f - orc
Aim: an orc, wielding a +0 trident and wearing a +0 ring mail (66% to hit)
You throw a poisoned dart. The poisoned dart hits the orc.
The orc is poisoned.
Unknown command.
The ball python bites you.
* * * LOW HITPOINT WARNING * * *
The ball python grabs you. The ball python constricts you.
You escape the ball python's grasp.
The orc looks more healthy.
As you read the scroll labelled ZUYGUK WA RUBE, it crumbles to dust.
You feel aware of your surroundings.
You sensed 1 shop/portal.
It was a scroll of magic mapping.
The ball python closely misses you. x2
Okay, then.
The orc hits you with a +0 short sword.
* * * LOW HITPOINT WARNING * * *
The orc hits you with a +0 short sword.
You die...

##.###################.#
#.#####. .#.##
##...##...o.o(# #.#####.
....# ##.###.#.####..#
#....... ###.# #.##
##..####..##########
**#.# #.# #S...##(..o..#
# 8*#.# #o##
##g.#.##.####.# # ,*#.#
##o###.#.#.......#,*****#
,>#.#
#...g.#.o....#.o.oo..,,,
,####
#.#.#.#@##.####.#.#..***
8##*
#g#....#.#.#*,,...#,,***
**
#.###o#.##.#*,*,###,,,,,
#)###.#.##..,,,,* **,*,,
#.g..o#.##..,,,,* *,*,,
#######.###.,,,,* *,,,,
*.# *..,,,* ***,, *.#
*,,,,,* *,,, *.# *******
*,,*


You could see 2 orcs, a hobgoblin (summoned) and a ball python.

Vanquished Creatures
  A jelly (D:3)
  Crazy Yiuf (D:2)
  An orc priest (D:3)
  2 worms
  3 dart slugs
  2 orcs (D:3)
  10 endoplasms
  14 giant cockroaches
  4 goblins
  A hobgoblin (D:3)
  2 quokkas
  3 bats
  6 frilled lizards
  7 kobolds
  4 rats
61 creatures vanquished.

Vanquished Creatures (others)
  9 fungi
  A plant (D:3)
10 creatures vanquished.

Grand Total: 71 creatures vanquished

Notes
Turn   | Place    | Note
-------+----------+-------------------------------------------
     0 | D:1      | styxcanada the Spriggan Brigand began the quest for the
                  | Orb.
     0 | D:1      | Reached XP level 1. HP: 10/10 MP: 2/2
   143 | D:1      | Reached skill level 6 in Stealth
   413 | D:1      | Reached XP level 2. HP: 6/14 MP: 3/3
  1129 | D:1      | Reached skill level 7 in Stealth
  1470 | D:2      | Reached XP level 3. HP: 15/18 MP: 4/4
  1789 | D:2      | Found a faded altar of an unknown god.
  2770 | D:2      | Found a runed translucent door.
  2771 | D:2      | Noticed Crazy Yiuf
  2802 | D:2      | Killed Crazy Yiuf
  2803 | D:2      | Reached XP level 4. HP: 23/23 MP: 4/6
  2960 | D:3      | Reached skill level 1 in Spellcasting
  2977 | D:3      | Reached skill level 8 in Stealth
  3236 | D:3      | Found a blossoming altar of Fedhas.
  3303 | D:3      | Found a basalt altar of Yredelemnul.
  3435 | D:3      | Reached XP level 5. HP: 26/26 MP: 7/7
  3577 | D:3      | Slain by an orc

Illustrated notes

Levels and vault maps discovered:
D:1:      elethiomel_arrival_quiet, layout_loops_cross, hex_medium
D:2:      minmay_roachtagon, layout_loops_corners,
          hellmonk_ecumenical_altar_slurped_away, uniq_crazy_yiuf_cottage
D:3:      layout_loops_cross, nicolae_overflow_hidden_temple, fedhas_altar_3,
          serial_shops, nicolae_shop_stone

Skill      XL: |  1  2  3  4 |
---------------+-------------+-----
Stealth        | 6 7 8 |  8.4
Fighting       | 2 |  2.1
Dodging        | 2 |  2.2
Spellcasting   | 1 |  1.3
Short Blades   | |  2.9
Throwing       | |  2.2

Action                   |  1- 3 |  4- 6 || total
-------------------------+-------+-------++-------
Melee: Dagger            |   128 |    32 ||   160
       Punch             |     1 |     1 ||     2
Throw: Dart              |    16 |    10 ||    26
  Use: Scroll            |       |     4 ||     4
 Stab: Sleeping          |    16 |     9 ||    25
Armor: Robe              |    19 |     1 ||    20
Dodge: Dodged            |    65 |    19 ||    84
